 Dungeon Crawl Stone Soup version 0.31.0-1-g2c135a0 (webtiles) character file.

Game seed: 8699867605464271298

2332 ChiliFlavouring the Shield-Bearer (level 9, -6/85 HPs)
             Began as a Troll Fighter on Jan 26, 2024.
             Was a Believer of Okawaru.
             Mangled by a gnoll sergeant
             ... wielding a +0 spear
              (9 damage)
             ... on level 7 of the Dungeon on Jan 27, 2024.
             The game lasted 00:26:34 (6233 turns).

ChiliFlavouring the Shield-Bearer (Troll Fighter)   Turns: 6233, Time: 00:26:35

Health: -6/85      AC:  7    Str: 26    XL:     9   Next: 19%
Magic:  8/8        EV: 10    Int:  4    God:    Okawaru [**....]
Gold:   165        SH: 15    Dex: 13    Spells: 8/8 levels left

rFire   . . .        a - +0 flail
rCold   . . .        c - +0 kite shield
rNeg    . . .        I - +2 robe {Will+}
rPois   .            (helmet restricted)
rElec   .            h - +0 cloak
rCorr   .            (gloves unavailable)
SInv    .            (boots unavailable)
Will    +....        t - amulet of reflection
Stlth   +            (no ring)
HPRegen 1.14/turn    (no ring)
MPRegen 0.11/turn

%: reflection
@: mighty
A: large, unfitting armour, claws 3, regeneration 1, shaggy fur 1, tough skin 1
a: Renounce Religion, Heroism


You were on level 7 of the Dungeon.
You worshipped Okawaru.
Okawaru was pleased with you.
You visited 2 branches of the dungeon, and saw 8 of its levels.

You collected 317 gold pieces.
You spent 152 gold pieces at shops.

Inventory:

Hand Weapons
 a - a +0 flail (weapon)
 L - a +2 dire flail of holy wrath
Missiles
 e - 71 stones (quivered)
 v - 4 boomerangs
Armour
 c - a +0 kite shield (worn)
 h - a +0 cloak (worn)
 I - a +2 robe of willpower (worn)
Jewellery
 t - an amulet of reflection (around neck)
Talismans
 E - a flux talisman
 G - a flux talisman
Wands
 b - a wand of mindburst (5)
 j - a wand of flame (15)
 w - a wand of polymorph (10)
 z - a wand of charming (17)
 C - a wand of acid (14)
Scrolls
 f - 2 scrolls of fear {unknown}
 g - 5 scrolls of identify
 i - a scroll of silence {unknown}
 k - a scroll of torment {unknown}
 p - a scroll of blinking {unknown}
 q - 2 scrolls of amnesia {unknown}
 r - 2 scrolls of vulnerability {unknown}
 x - a scroll of revelation
 B - a scroll of teleportation {unknown}
 J - a scroll of noise {unknown}
Potions
 m - 4 potions of curing {unknown}
 n - 4 potions of brilliance
 o - 2 potions of cancellation {unknown}
 s - a potion of lignification {unknown}
 u - a potion of magic {unknown}
 A - 2 potions of mutation {unknown}
 D - 2 potions of haste {unknown}
 H - 2 potions of resistance {unknown}


   Skills:
 * Level 4.6 Fighting
 * Level 7.1 Maces & Flails
 + Level 4.2 Dodging
 * Level 7.2 Shields


You had 8 spell levels left.
You didn't know any spells.
Your spell library contained the following spells:

 Spells                   Type           Power      Damage    Failure   Level
 Ozocubu's Armour         Ice            0%         N/A       97%         3
 Cause Fear               Hex            0%         N/A       100%        4
 Fireball                 Conj/Fire      0%         3d3       100%        5
 Metabolic Englaciation   Hex/Ice        0%         N/A       100%        5
 Sculpt Simulacrum        Ice/Alch       Unusable   N/A       N/A         6
 Dragon's Call            Summ           Unusable   N/A       N/A         9

Dungeon Overview and Level Annotations

Branches:
Dungeon (7/15)             Temple (1/1) D:5

Altars:
Ashenzari
Fedhas
Gozag
Hepliaklqana
Nemelex Xobeh
Okawaru
Qazlal
Sif Muna
Trog
Uskayaw
Xom
The Shining One

Shops:
D:2 !   D:5 [


Innate Abilities, Weirdness & Mutations

You are too large for most types of armour.
You have claws for hands.
Your natural rate of healing is unusually fast.
You are covered in fur. (AC +1)
You have tough skin. (AC +1)


Message History

You block the orc warrior's attack.
The gnoll sergeant hits you from afar with a +0 spear.
You hit the orc warrior.
The orc warrior is moderately wounded.
You block the vampire mosquito's attack.
You block the gnoll sergeant's attack.
The orc warrior hits you with a +0 dire flail!
You block the vampire mosquito's attack.
You closely miss the orc warrior.
The orc warrior is moderately wounded.
You block the vampire mosquito's attack.
A gnoll comes into view.
It is wielding a +0 halberd of freezing.
The orc warrior hits you but does no damage.
You block the gnoll sergeant's attack.
You block the vampire mosquito's attack.
You closely miss the vampire mosquito. The vampire mosquito bites you!
The vampire mosquito draws strength from your injuries!
The orc warrior hits you with a +0 dire flail!
You block the gnoll sergeant's attack.
You block the vampire mosquito's attack.
You closely miss the orc warrior.
The orc warrior is moderately wounded.
The vampire mosquito bites you.
* * * LOW HITPOINT WARNING * * *
The vampire mosquito draws strength from your injuries!
You block the gnoll sergeant's attack.
The orc warrior hits you but does no damage.
You block the vampire mosquito's attack.
You sock the orc warrior!
The orc warrior is severely wounded.
You block the vampire mosquito's attack. x2
You block the gnoll sergeant's attack.
The orc warrior hits you with a +0 dire flail!
* * * LOW HITPOINT WARNING * * *
The vampire mosquito bites you!
* * * LOW HITPOINT WARNING * * *
The vampire mosquito draws strength from your injuries!
The orc warrior closely misses you.
The gnoll sergeant hits you from afar with a +0 spear!
You die...

#.#
.####
#.#.....
#.#...#
#.#..#
#....#
#g...#
#g# #y#
#@# #o#
#.#..#
#.#..#
###.#>.#
#......#
#.###..#
#.# #..+
#.###..#


You could see an orc warrior, a vampire mosquito, a gnoll sergeant and a gnoll.

Vanquished Creatures
  2 vampire mosquitoes (D:7)
  Edmund (D:6)
  2 water moccasins (D:5)
  A black bear (D:7)
  A sky beast (D:6)
  An ice beast (D:6)
  An ogre (D:5)
  7 centaurs
  A bullfrog (D:6)
  4 scorpions
  A bombardier beetle (D:3)
  3 hounds
  3 jellies (D:5)
  Ijyb (D:4)
  2 orc wizards (D:3)
  A sleepcap (D:6)
  11 adders
  2 white imps
  2 dart slugs
  25 orcs
  2 bats
  8 endoplasms
  2 giant cockroaches
  16 goblins
  4 hobgoblins
  9 jackals
  5 quokkas
  9 ball pythons
  4 frilled lizards
  4 kobolds
  4 rats
139 creatures vanquished.

Vanquished Creatures (others)
  An orc wizard (D:3)
  A goblin (D:4)
2 creatures vanquished.

Grand Total: 141 creatures vanquished

Notes
Turn   | Place    | Note
-------+----------+-------------------------------------------
     0 | D:1      | ChiliFlavouring the Troll Fighter began the quest for the
                  | Orb.
     0 | D:1      | Reached XP level 1. HP: 22/22 MP: 0/0
   293 | D:1      | Reached XP level 2. HP: 29/29 MP: 1/1
   955 | D:2      | Found a faded altar of an unknown god.
  1155 | D:2      | Found Nepig's Distillery.
  1165 | D:2      | Bought a potion of heal wounds for 60 gold pieces
  1377 | D:2      | Reached XP level 3. HP: 36/36 MP: 2/2
  1985 | D:3      | Reached XP level 4. HP: 44/44 MP: 3/3
  2277 | D:3      | HP: 1/44 [something/puff of flame (10)]
  2503 | D:3      | Reached XP level 5. HP: 53/53 MP: 4/4
  3052 | D:4      | Reached XP level 6. HP: 61/61 MP: 5/5
  3570 | D:4      | Noticed Ijyb
  3588 | D:4      | Killed Ijyb
  3683 | D:5      | Entered Level 5 of the Dungeon
  3773 | D:5      | Noticed a water moccasin
  3799 | D:5      | Killed a water moccasin
  3800 | D:5      | Reached XP level 7. HP: 28/67 MP: 6/6
  3977 | D:5      | Found Biedghilucw's Antique Armour Emporium.
  3984 | D:5      | Bought a glowing robe for 92 gold pieces
  4285 | D:5      | Reached skill level 5 in Maces & Flails
  4362 | D:5      | Found a staircase to the Ecumenical Temple.
  4448 | Temple   | Entered the Ecumenical Temple
  4499 | Temple   | Became a worshipper of Warmaster Okawaru
  4703 | D:6      | Reached skill level 5 in Shields
  4771 | D:6      | Reached XP level 8. HP: 75/78 MP: 7/7
  4816 | D:6      | Reached * piety under Okawaru
  5214 | D:6      | Noticed Edmund
  5248 | D:6      | Killed Edmund
  5264 | D:6      | Reached ** piety under Okawaru
  5985 | D:7      | Reached XP level 9. HP: 85/85 MP: 8/8
  6233 | D:7      | HP: 3/85 [vampire mosquito (8)]
  6233 | D:7      | Mangled by a gnoll sergeant

Illustrated notes

Levels and vault maps discovered:
D:1:      dpeg_arrival_snail, layout_basic
D:2:      minmay_recursive_quarters, layout_basic, serial_shops, shop,
          ebering_ecumenical_altar_sacrificial
D:3:      minmay_inner_zag, layout_basic, minmay_close_crescents
D:4:      kennysheep_goblin_castle, layout_cave_pools, minmay_misc_feat_ornament
D:5:      layout_loops_ring, temple_hall, serial_shops, shop
D:6:      layout_loops_cross, serial_rivers, chequers_serial_rivers_small_a,
          chequers_serial_rivers_micro_c, chequers_serial_rivers_large_a,
          chequers_serial_rivers_small_a, chequers_serial_rivers_small_a,
          centaur_isle, uniq_edmund
D:7:      layout_loops_ring, minmay_quadrilaterals
Temple:   nicolae_temple_x_marks_the_god

Skill      XL: |  1  2  3  4  5  6  7  8  9 |
---------------+----------------------------+-----
Shields        | 3 4 5 6 7 |  7.2
Maces & Flails | 2 3 4 5 6 7 |  7.1
Dodging        | 3 4 |  4.2
Fighting       | 3 4 |  4.6

Action                     |  1- 3 |  4- 6 |  7- 9 || total
---------------------------+-------+-------+-------++-------
  Melee: Flail             |   157 |   240 |   304 ||   701
  Throw: Stone             |     7 |     1 |     3 ||    11
    Use: Potion            |       |       |     6 ||     6
         Scroll            |       |       |     1 ||     1
   Stab: Distracted        |     1 |       |       ||     1
         Sleeping          |       |     2 |       ||     2
 Armour: Robe              |    77 |   176 |   203 ||   456
  Dodge: Dodged            |    61 |    77 |    96 ||   234
  Block: Kite shield       |   116 |   171 |   324 ||   611
         Reflection        |     1 |     5 |    31 ||    37
